 Dungeon Sprint DCSS version 0.30.1 (webtiles) character file.

Game seed: 6715927228801211536

337 boopmooplesden the Spear-Bearer (level 6, -3/93 HPs)
             Began as a Draconian Berserker on July 4, 2023.
             Was a High Priest of Trog.
             Constricted to death by a naga warrior (4 damage)
             ... in the Dungeon (Sprint VII: "The Pits").
             The game lasted 00:01:10 (255 turns).

boopmooplesden the Spear-Bearer (DrBe)               Turns: 255, Time: 00:01:10

Health: -3/93      AC:  6    Str: 21    XL:     6   Next: 28%
Magic:  2/2        EV: 11    Int:  7    God:    Trog [*****.]
Gold:   0          SH:  0    Dex: 11    Spells: 5/5 levels left

rFire   . . .        l - +2 halberd (antimagic)
rCold   . . .        (shield currently unavailable)
rNeg    . . .        (body armour unavailable)
rPois   .            (helmet restricted)
rElec   .            (no cloak)
rCorr   .            (no gloves)
SInv    .            (no boots)
Will    .....        (no amulet) Stlth
                     (no ring)
HPRegen 0.35/turn    (no ring)
MPRegen 0.08/turn

%: no teleportation
@: berserking, lethally poisoned (-3 -> -8), constricted, very quick
A: AC +6, unfitting armour, cold-blooded
a: Renounce Religion, Berserk, Trog's Hand, Brothers in Arms


You were in the Dungeon.
You worshipped Trog.
Trog was extremely pleased with you.
You visited 1 branch

Inventory:

Hand Weapons
 a - a +0 spear
 h - a +2 trident
 k - a +0 heavy trident
 l - a +2 antimagic halberd (weapon)
Scrolls
 g - a scroll of blinking
 j - a scroll of butterflies
Potions
 b - 6 potions of curing
 c - 6 potions of heal wounds
 d - a potion of haste
 e - 4 potions of magic
 f - 3 potions of berserk rage
 i - 2 potions of invisibility


   Skills:
 + Level 8.5 Fighting
 + Level 9.2 Polearms
 + Level 7.2 Dodging
 + Level 0.9 Stealth


You had 5 spell levels left.
You didn't know any spells.
Your spell library was empty.

Dungeon Overview and Level Annotations

Branches:
Dungeon (1/1)

Altars:


Innate Abilities, Weirdness & Mutations

Your plain brown scales are hard. (AC +6)
You cannot fit into any form of body armour.
You are cold-blooded and may be slowed by cold attacks.


Message History

You feel yourself speed up.
You start resting.
HP restored.
You open the door.
An orc comes into view. It is wielding a +0 whip.
You impale the orc!!
You kill the orc!
Trog accepts your kill.
There is an open door here.
Things that are here:
a +0 whip; a +0 ring mail; an orc corpse As you open the door, it creaks loudly!
A naga warrior comes into view. It is wielding a +0 trident.
You recover from your berserk rage.
The naga warrior hits you from afar with a +0 trident!
The naga warrior hits you with a +0 trident!
The naga warrior grabs you. The naga warrior constricts you.
There is an open door, spattered with blood here.
You hit the naga warrior but do no damage.
The naga warrior barely misses you. The naga warrior constricts you.
You slash the naga warrior!
The naga warrior is lightly wounded.
The naga warrior spits poison at you. The splash of poison hits you!
You are poisoned.
The naga warrior constricts you.
A red film seems to cover your vision as you go berserk!
You feel yourself moving faster!
You feel mighty!
You feel very sick.
The naga warrior hits you with a +0 trident!
* * * LOW HITPOINT WARNING * * *
The naga warrior constricts you.
* * * LOW HITPOINT WARNING * * *
You slice the naga warrior!! You tail-slap the naga warrior.
The naga warrior is heavily wounded.
You feel sick.
The naga warrior hits you with a +0 trident!
* * * LOW HITPOINT WARNING * * *
The naga warrior constricts you.
You die...

#.#...)).[.##.......#
#†#...)))[.##.......#
#)###########.......#
#.))....# #########
#..#.#..# #.##.##.#
#.......#+#
#.##.##.#N+
#..#.#..#@#
#.......).#
###########


You could see a naga warrior (catching breath).

Vanquished Creatures
  A floating eye (D)
  2 black bears (D)
  An orc wizard (D)
  A river rat (D)
  An adder zombie (D)
  4 orcs (D)
  A bat skeleton (D)
  A giant cockroach (D)
  A goblin (D)
  A hobgoblin (D)
  A quokka (D)
  3 ball pythons (D)
  A frilled lizard (D)
  A rat (D)
20 creatures vanquished.

Notes
Turn   | Place    | Note
-------+----------+-------------------------------------------
     0 | D        | boopmooplesden the Draconian Berserker began the quest for
                  | the Orb.
     0 | D        | Reached XP level 1. HP: 19/19 MP: 1/1
    29 | D        | Noticed a floating eye
    33 | D        | Killed a floating eye
    34 | D        | Reached skill level 6 in Polearms
    34 | D        | Reached skill level 5 in Dodging
    34 | D        | Reached XP level 2. HP: 31/31 MP: 2/2
    34 | D        | Reached XP level 3. HP: 38/38 MP: 3/3
    34 | D        | Reached XP level 4. HP: 45/45 MP: 4/4
    68 | D        | Reached ** piety under Trog
    83 | D        | Reached *** piety under Trog
   195 | D        | Noticed a black bear
   197 | D        | Noticed a black bear
   202 | D        | Reached **** piety under Trog
   208 | D        | Killed a black bear
   209 | D        | Reached skill level 7 in Polearms
   209 | D        | Reached XP level 5. HP: 53/53 MP: 5/5
   209 | D        | Killed a black bear
   210 | D        | Reached skill level 8 in Polearms
   210 | D        | Reached XP level 6. HP: 62/62 MP: 6/6
   221 | D        | Reached ***** piety under Trog
   224 | D        | Received a gift from Trog
   225 | D        | Reached skill level 9 in Polearms
   250 | D        | Noticed a naga warrior
   255 | D        | HP: 1/93 [naga warrior/+0 trident (15)]
   255 | D        | Constricted to death by a naga warrior

Illustrated notes

Levels and vault maps discovered:
D:        pitsprint [storerooms_1, entrance_room_1, metal_vault_1, armoury_2,
          mini_pit_1, grid_room_1, main_hall_1, silver_pit, the_coven_1,
          the_vestibule_1, steel_vault_5, golden_pit, hallway_of_sentries,
          crystal_vault_2, iron_vault_5, final_vault]

Skill      XL: |  1  2  3  4  5  6 |
---------------+-------------------+-----
Fighting       | 6 7 8 |  8.5
Polearms       | 6 7 8 9 |  9.2
Dodging        | 5 6 7 |  7.2
Stealth        | |  0.9

Action                     |  1- 3 |  4- 6 || total
---------------------------+-------+-------++-------
  Melee: Trident           |     2 |    41 ||    43
         Spear             |     1 |       ||     1
         Tailslap          |       |     8 ||     8
         Halberd           |       |     4 ||     4
 Invoke: Berserk           |       |     2 ||     2
 Armour: Skin              |       |    22 ||    22
  Dodge: Dodged            |       |    39 ||    39
